 Dungeon Crawl Stone Soup version 0.27.0-1-g7a089689b8 (webtiles) character file.

Game seed: 683293867091404158

55 ZombieSheep the Cudgeller (level 3, 0/28 HPs)
             Began as a Gnoll Wanderer on Aug 5, 2021.
             Killed from afar by an orc wizard (1 damage)
             ... with a magic dart
             ... on level 3 of the Dungeon.
             The game lasted 00:05:12 (1903 turns).

ZombieSheep the Cudgeller (Gnoll Wanderer)          Turns: 1903, Time: 00:05:13

Health: 0/28       AC:  9    Str: 14    XL:     3   Next: 93%
Magic:  7/7        EV: 10    Int: 11    God:
Gold:   65         SH:  0    Dex:  9    Spells: 7/7 levels left

rFire    . . .     SeeInvis .   i - +3 short sword
rCold    . . .     Faith    .   (no shield)
rNeg     . . .     Spirit   .   c - +0 ring mail
rPois    .         Reflect  .   (no helmet)
rElec    .         Harm     .   (no cloak)
rCorr    .         Rampage  .   (no gloves)
Will     .....                  (no boots)
Stlth    +.........             (no amulet)
HPRegen  0.09/turn              e - +4 ring of protection
MPRegen  0.10/turn              (no ring)

@: no status effects
A: fangs 1, strong nose, distributed training
a: no special abilities


You were on level 3 of the Dungeon.
You visited 1 branch of the dungeon, and saw 3 of its levels.

You collected 65 gold pieces.

Inventory:

Hand Weapons
 a - a +0 mace
 i - a +3 short sword (weapon)
Missiles
 d - 3 boomerangs (quivered)
Armour
 c - a +0 ring mail (worn)
Jewellery
 e - a +4 ring of protection (left hand)
Scrolls
 b - a scroll of identify
 f - a scroll of enchant armour {unknown}
 g - a scroll of torment {unknown}
Potions
 h - a potion of degeneration {unknown}


   Skills:
 + Level 2.6 Fighting
 + Level 1.0 Short Blades
 + Level 1.0 Long Blades
 + Level 1.0 Axes
 + Level 4.6 Maces & Flails
 + Level 1.0 Polearms
 + Level 1.0 Staves
 + Level 1.0 Slings
 + Level 1.0 Bows
 + Level 1.0 Crossbows
 + Level 2.6 Throwing
 + Level 1.0 Armour
 + Level 1.0 Dodging
 + Level 1.0 Stealth
 + Level 1.0 Shields
 + Level 1.0 Unarmed Combat
 + Level 2.9 Spellcasting
 + Level 0.7 Conjurations
 + Level 0.7 Hexes
 + Level 0.7 Summonings
 + Level 3.8 Necromancy
 + Level 0.7 Translocations
 + Level 0.7 Transmutations
 + Level 0.7 Fire Magic
 + Level 0.7 Ice Magic
 + Level 0.7 Air Magic
 + Level 0.7 Earth Magic
 + Level 3.8 Poison Magic
 + Level 1.0 Invocations
 + Level 2.6 Evocations


You had 7 spell levels left.
You didn't know any spells.
Your spell library contained the following spells:

 Spells                   Type           Power      Damage    Failure   Level
 Animate Skeleton         Necr           18%        N/A       12%         1
 Pain                     Necr           36%        1d5       12%         1
 Sting                    Tmut/Pois      24%        1d4       22%         1
 Corpse Rot               Necr/Air       N/A        N/A       32%         2
 Vampiric Draining        Necr           4%         2d6       34%         3
 Static Discharge         Conj/Air       3%         N/A       52%         2
 Spider Form              Tmut/Pois      3%         N/A       54%         3
 Animate Dead             Necr           4%         N/A       75%         4
 Dispel Undead            Necr           9%         3d8       75%         4
 Call Canine Familiar     Summ           3%         N/A       77%         3
 Inner Flame              Hex/Fire       3%         N/A       77%         3
 Portal Projectile        Hex/Tloc       6%         N/A       77%         3
 Agony                    Necr           9%         N/A       97%         5
 Cause Fear               Hex            1%         N/A       99%         4
 Leda's Liquefaction      Hex/Erth       1%         N/A       99%         4
 Lightning Bolt           Conj/Air       1%         1d12      100%        5
 Death Channel            Necr           4%         N/A       100%        6
 Discord                  Hex            1%         N/A       100%        8
 Maxwell's Capacitive Co  Air            1%         ∞         100%        8


Dungeon Overview and Level Annotations

Branches:
Dungeon (3/15)

Altars:

Shops:
D:1 (   D:2 [

Annotations:
D:2 Sigmund


Innate Abilities, Weirdness & Mutations

You have very sharp teeth.
Your uncanny sense of smell can sniff out nearby items.
Your experience applies equally to all skills.


Message History

You bump into the rock wall.
The orc wizard barely misses you.
You bump into the rock wall.
The orc wizard gestures wildly while chanting.
The orc wizard flickers and vanishes!
Deactivating autopickup; reactivate with Ctrl-A.
You feel less confused.
You closely miss something. Something hits you but does no damage.
You closely miss something. Something completely misses you.
You hit something but do no damage. The orc closely misses you.
Something hits you but does no damage.
You closely miss something. The orc hits you but does no damage.
Something hits you but does no damage. The orc barely misses you.
You miss something. Something hits you. The orc hits you but does no damage.
You closely miss something.
You hear some strange, mumbled words.
A magic dart appears from out of thin air!
The magic dart hits you. The orc hits you but does no damage.
You barely miss the orc. Something hits you but does no damage.
The orc hits you with a +0 flail!
You closely miss the orc.
You hear some strange, mumbled words.
A magic dart appears from out of thin air!
The magic dart hits you! The orc closely misses you.
Something hits you but does no damage.
You hit the orc.
The orc is moderately wounded.
The orc completely misses you. Something hits you.
You barely miss the orc.
The orc is moderately wounded.
The orc hits you with a +0 flail.
* * * LOW HITPOINT WARNING * * *
Something hits you.
* * * LOW HITPOINT WARNING * * *
You hit the orc.
The orc is almost dead.
The orc closely misses you.
You hear some strange, mumbled words.
A magic dart appears from out of thin air!
The magic dart hits you.
You die...

#............+
#............#
#.........<..#
#..........).#
#............#
#........).[.#
#............#
#..........o.#
#.........@{)###.#
########.#+#.....#
#.# #.##### #.#
#.# #. !># #### ∆


You could see an orc.

Vanquished Creatures
  An adder (D:2)
  3 orcs (D:3)
  An endoplasm (D:2)
  2 giant cockroaches
  7 goblins
  6 hobgoblins
  4 jackals (D:1)
  A quokka (D:1)
  2 ball pythons
  4 bats
  A frilled lizard (D:2)
  5 kobolds
  2 rats
39 creatures vanquished.

Notes
Turn   | Place    | Note
-------+----------+-------------------------------------------
     0 | D:1      | ZombieSheep the Gnoll Wanderer began the quest for the Orb.
     0 | D:1      | ZombieSheep set off with the following items: a +0 mace, a
                  | +0 robe; and the following spells available to memorise:
                  | Animate Skeleton, Pain, Sting, Vampiric Draining, Spider
                  | Form, Animate Dead, Agony
     0 | D:1      | Reached XP level 1. HP: 17/17 MP: 4/4
   301 | D:1      | Reached XP level 2. HP: 7/23 MP: 5/5
   768 | D:1      | Found Kosuic's Antique Weapon Shoppe.
   814 | D:1      | Reached XP level 3. HP: 16/28 MP: 7/7
  1264 | D:2      | Found Tevow's Armour Shoppe.
  1478 | D:2      | Reached skill level 1 in Invocations
  1588 | D:2      | Noticed Sigmund
  1808 | D:3      | Reached skill level 1 in Short Blades
  1808 | D:3      | Reached skill level 1 in Long Blades
  1808 | D:3      | Reached skill level 1 in Axes
  1808 | D:3      | Reached skill level 1 in Polearms
  1808 | D:3      | Reached skill level 1 in Staves
  1808 | D:3      | Reached skill level 1 in Slings
  1808 | D:3      | Reached skill level 1 in Bows
  1808 | D:3      | Reached skill level 1 in Crossbows
  1808 | D:3      | Reached skill level 1 in Armour
  1808 | D:3      | Reached skill level 1 in Dodging
  1808 | D:3      | Reached skill level 1 in Stealth
  1808 | D:3      | Reached skill level 1 in Shields
  1808 | D:3      | Reached skill level 1 in Unarmed Combat
  1902 | D:3      | HP: 1/28 [something (2)]
  1903 | D:3      | Killed from afar by an orc wizard

Illustrated notes

Levels and vault maps discovered:
D:1:      dpeg_arrival_long_road, layout_rooms, serial_shops, shop
D:2:      layout_loops_cross, serial_shops, shop, uniq_sigmund
D:3:      layout_basic, chequers_garden, minmay_shallow_snake_nest, uniq_grinder

Skill      XL: |  1  2  3 |
---------------+----------+-----
Invocations    | 1 |  1.0
Short Blades   | 1 |  1.0
Long Blades    | 1 |  1.0
Axes           | 1 |  1.0
Polearms       | 1 |  1.0
Staves         | 1 |  1.0
Slings         | 1 |  1.0
Bows           | 1 |  1.0
Crossbows      | 1 |  1.0
Armour         | 1 |  1.0
Dodging        | 1 |  1.0
Stealth        | 1 |  1.0
Shields        | 1 |  1.0
Unarmed Combat | 1 |  1.0
Fighting       | |  2.6
Maces & Flails | |  4.6
Throwing       | |  2.6
Spellcasting   | |  2.9
Conjurations   | |  0.7
Hexes          | |  0.7
Summonings     | |  0.7
Necromancy     | |  3.8
Translocations | |  0.7
Transmutations | |  0.7
Fire Magic     | |  0.7
Ice Magic      | |  0.7
Air Magic      | |  0.7
Earth Magic    | |  0.7
Poison Magic   | |  3.8
Evocations     | |  2.6

Action                   || total
-------------------------++-------
Melee: Mace              ||   133
       Bite              ||    10
       Short sword       ||    18
       Punch             ||     1
Throw: Boomerang         ||    10
  Use: Scroll            ||     4
       Potion            ||     1
Armor: Ring mail         ||    74
       Robe              ||     2
Dodge: Dodged            ||    99
